AoeStats
← Tysanti

Arena

510437962Analyzed
1v1 RM · 1d ago on Oct 1, 2026· 78m 5s· 2 players
Game mode
Random Map
Map size
Tiny (2 player)
Population
200
Speed
Normal
Resources
Standard
Victory
Conquest
Starting age
Dark Age
Ending age
Imperial Age
RankedLock teamsTeams togetherTeam positionsShared explorationLock speedFull tech treeHidden civsTurbo modeCheats
Victory
Defeat
🇨🇦 Vietnamese · Canada
458
+7
🇦🇷 Khmer · Argentina
235
-7
francisbegbie
7:58 Loom
11:01 Feudal Age
11:32 Double-Bit Axe
11:31 Horse Collar
12:01 Gold Mining
15:26 Man-at-Arms
17:40 Wheelbarrow
16:56 Town Watch
26:32 Castle Age
27:40 Hand Cart
27:47 Stone Mining
28:23 Pikeman
29:04 Squires
29:43 Heavy Plow
31:29 Bow Saw
33:12 Scale Mail Armor
35:08 Padded Archer Armor
34:59 Fletching
35:31 Thumb Ring
34:55 Crossbowman
38:16 Stone Shaft Mining
40:46 Imperial Age
38:46 Leather Archer Armor
39:30 Chain Mail Armor
40:46 Town Patrol
40:46 Bodkin Arrow
41:34 Forging
42:10 Crop Rotation
43:00 Two-Man Saw
43:05 Paper Money
44:38 Elite Rattan Archer
45:48 Arbalester
49:37 Halberdier
56:41 Hoardings
62:24 Herbal Medicine
64:00 Ring Archer Armor
63:33 Bracer
64:04 Plate Mail Armor
63:43 Scale Barding Armor
64:14 Iron Casting
65:04 Chatras
66:31 Elite Battle Elephant
67:27 Husbandry
67:40 Bloodlines
69:57 Siege Engineers
70:01 Murder Holes
70:06 Guard Tower
70:05 Arrowslits
71:34 Chemistry
71:04 Ballistics
71:04 Masonry
73:00 Chain Barding Armor
Tysanti
10:42 Feudal Age
10:20 Loom
15:52 Bloodlines
22:14 Castle Age
20:16 Double-Bit Axe
23:17 Horse Collar
24:12 Stone Mining
24:48 Town Watch
26:38 Heavy Plow
27:33 Masonry
28:25 Bow Saw
30:59 Town Patrol
31:01 Gold Mining
31:46 Stone Shaft Mining
32:21 Wheelbarrow
37:27 Imperial Age
37:43 Hand Cart
39:33 Gold Shaft Mining
41:11 Chemistry
42:02 Architecture
41:54 Ballistics
44:19 Double Crossbow
44:21 Tusk Swords
44:45 Heated Shot
47:55 Siege Engineers
49:14 Murder Holes
50:51 Fortified Wall
52:14 Hoardings
52:41 Guard Tower
53:05 Forging
52:46 Fletching
52:30 Light Cavalry
53:12 Husbandry
54:17 Crop Rotation
54:36 Bodkin Arrow
55:17 Iron Casting
55:14 Conscription
56:29 Elite Ballista Elephant
59:30 Cavalier
59:31 Hussar
62:59 Keep
67:50 Heavy Scorpion
69:53 Sappers
70:38 Bracer
70:49 Scale Barding Armor
73:20 Blast Furnace
Connection lost

Rejoining the realm…

Still unreachable

The connection could not be restored.

Session expired

The server has moved on; the page needs a fresh start.